 Dungeon Crawl Stone Soup version 0.16.1-51-g6203257 (webtiles) character file.

185081 Jb9000 the Covert (level 18, -9/112 HPs)
             Began as a Gargoyle Fighter on July 2, 2015.
             Was the Champion of Dithmenos.
             Mangled by an azure jelly (21 damage)
             ... on level 1 of the Pits of Slime.
             The game lasted 04:06:59 (32895 turns).

Jb9000 the Covert (Gargoyle Fighter)               Turns: 32895, Time: 04:07:01

Health: -9/112     AC: 43    Str: 25    XL:     18   Next: 2%
Magic:  0/41       EV: 13    Int: 14    God:    Dithmenos [******]
Gold:   2445       SH: 30    Dex: 20    Spells: 4 memorised, 28 levels left

rFire  + . .     SeeInvis .     S - +7 spear of Causality {drain, Int+4}
rCold  . . .     Clarity  .     b - +6 chain mail "Xiwnot" {rF+ MR+ MP+9}
rNeg   + . .     SustAb   .     g - +8 large shield
rPois  ∞         Gourm    .     (helmet restricted)
rElec  +         Spirit   +     G - +2 cloak
rCorr  .         Warding  .     B - +1 pair of gloves "Luisabur" {Regen+}
rMut   .         Rnd*Tele +     a - +2 pair of boots {run}
MR     +++..                    U - amulet of guardian spirit
Stlth  +++++++...               p - ring of stealth
                                n - +3 ring of dexterity

@: cleaving, flying, wreathed by umbra, quick, extremely resistant to hostile
enchantments, extremely stealthy
A: able to fly continuously, big wings, claws 1, horns 2, talons 1, large bone
plates 1, agile 2, clever 1, magic resistance 1, negative energy resistance 1,
electricity resistance, teleportitis 1, unbreathing, evolution 1, petrification
resistance, rot immunity, AC +13
a: Stop Flying, Shadow Step, Shadow Form, Renounce Religion
}: 1/15 runes: barnacled


You were on level 1 of the Pits of Slime.
You worshipped Dithmenos.
Dithmenos was exalted by your worship.
You were not hungry.

You visited 5 branches of the dungeon, and saw 31 of its levels.
You also visited: Ice Cave.

You collected 2595 gold pieces.
You spent 150 gold pieces at shops.

Inventory:

Hand weapons
 h - a +3 hand crossbow of freezing
 i - a +2 blowgun
 S - the +7 spear of Causality (weapon) {drain, Int+4}
   (You found it on level 8 of the Dungeon)

   A truly terrible weapon, it drains the life of those it strikes.
   It affects your intelligence (+4).
 Z - a +3 flail of holy wrath
Missiles
 x - 59 bolts
 y - 5 curare-tipped needles
 P - 29 bolts of frost
Armour
 a - a +2 pair of boots of running (worn)
 b - the +6 chain mail "Xiwnot" (worn) {rF+ MR+ MP+9}
   (You took it off an orc on level 6 of the Dungeon)

   It protects you from fire.
   It affects your resistance to hostile enchantments.
   It affects your magic capacity (+9).
 g - a +8 large shield (worn)
 B - the +1 pair of gloves "Luisabur" (worn) {Regen+}
   (You found it on level 3 of the Shoals)

   It increases your rate of regeneration.
 G - a +2 cloak (worn)
Jewellery
 n - a +3 ring of dexterity (left hand)
 p - a ring of stealth (right hand)
 t - a +3 ring of strength
 u - an uncursed amulet of clarity
 L - an uncursed ring of ice
 N - an uncursed ring of fire
 U - an amulet of guardian spirit (around neck)
Magical devices
 d - a wand of polymorph (5)
 o - a wand of paralysis (8)
 s - a wand of lightning (5)
 I - a wand of frost (26)
 J - a wand of cold (9)
 X - a wand of enslavement (18)
Scrolls
 l - a scroll of summoning
 m - 7 scrolls of teleportation
 F - 2 scrolls of fear
 O - 6 scrolls of remove curse
 Q - 12 scrolls of identify
 R - 3 scrolls of holy word
Potions
 e - 4 potions of might
 f - 2 potions of resistance
 j - a potion of ambrosia
 k - a potion of cure mutation
 q - 4 potions of magic
 v - 2 potions of restore abilities
 w - a potion of cancellation
 z - 4 potions of agility
 A - 4 potions of berserk rage
 Y - 2 potions of invisibility
Miscellaneous
 D - a plain deck of destruction {drawn: 1}
 E - a plain deck of wonders {drawn: 1}
 M - a plain deck of wonders {drawn: 1}
 T - a plain deck of defence {drawn: 1}
 V - a plain deck of summoning {drawn: 1}
 W - a sack of spiders
Comestibles
 C - 21 bread rations
 H - 9 meat rations


   Skills:
 + Level 12.3 Fighting
   Level 2.5 Long Blades
 - Level 4.6 Maces & Flails
 + Level 10.5 Polearms
 + Level 7.9 Crossbows
 - Level 7.1 Throwing
 + Level 12.3 Armour
 + Level 9.1 Dodging
 + Level 13.8 Stealth
 + Level 12.3 Shields
 + Level 7.9 Spellcasting
 - Level 6.6 Charms
 - Level 3.3 Invocations
 - Level 7.0 Evocations


You had 28 spell levels left.
You knew the following spells:

 Your Spells              Type           Power        Failure   Level  Hunger
a - Infusion              Chrm           ###...       21%         1    None
b - Corona                Hex            #......      100%        1    None
c - Shock                 Conj/Air       #...         100%        1    None
d - Sting                 Conj/Pois      #...         100%        1    None


Dungeon Overview and Level Annotations

Branches:
Dungeon (15/15)            Temple (0/1) D:5            Lair (8/8) D:9
 Shoals (5/5) Lair:5        Snake (0/5) Lair:4        Slime (2/6) Lair:8
    Orc (0/4) D:11         Vaults (0/5) D:13         Depths (1/5) D:15

Altars:
Dithmenos
Elyvilon
Fedhas
Makhleb
Nemelex Xobeh
Okawaru
Qazlal
Ru
Vehumet
Xom
Yredelemnul
Zin
The Shining One
Jiyva

Shops:
D:7 *


Innate Abilities, Weirdness & Mutations

You are resistant to torment.
You are immune to poison.
You can fly continuously.
Your stone body is very resilient (AC +13).
Your wings are large and strong.
You resist negative energy.
You are resistant to electric shocks.
You can survive without breathing.
You are immune to petrification.
You are immune to rotting.
You have sharp fingernails.
You have a pair of horns on your head.
You have sharp toenails.
You are partially covered in large bone plates (AC +2, SH +2).
You are very agile. (Dex +4)
Your mind is acute. (Int +2)
You are resistant to hostile enchantments.
Space occasionally distorts in your vicinity.
You evolve.


Message History

You block the azure jelly's attack. x2
The azure jelly closely misses you. You block the azure jelly's attack.
You block the azure jelly's attack.
The azure jelly hits you but does no damage.
You block the azure jelly's attack.
The azure jelly hits you but does no damage.
The azure jelly hits you. The azure jelly freezes you!!!
* * * LOW HITPOINT WARNING * * *
You emit a cloud of dark smoke.
The azure jelly hits you but does no damage.
The azure jelly completely misses you.
The azure jelly hits you but does no damage.
Evoke which item? (* to show all) (? for menu, Esc to quit)
You draw a card...
It is the Blade.
The deck of cards disappears in a puff of smoke.
The +7 spear of Causality {drain, Int+4} looks oddly sharp.
The azure jelly hits you.
* * * LOW HITPOINT WARNING * * *
The azure jelly freezes you!!
You die...

## #..>..#...#####
##..§.#....##.##
##.§............#
#...............#
##..#..........##
####..##.#.§§§§##
#....#.#.§§§§§###
#...#...#.§J§...###
#...##...##.@......##
##.#.##.............#
##.....<.....#....##
##.#............##
#.........#..#.##
#........##...##
#...#.#######.##
##.### ### ##


You could see an azure jelly.

Vanquished Creatures
  Asterion (Shoals:1)
  2 krakens
  An acid blob (Slime:1)
  Ilsuiw (Shoals:5)
  Maud (Lair:3)
  2 frost giants
  A stone giant (Shoals:2)
  Azrael (D:15)
  An ettin (D:15)
  2 merfolk javelineers (Shoals:5)
  9 merfolk impalers
  3 hydras (Lair:8)
  Fannar (D:12)
  3 merfolk avatars
  Nessos (D:14)
  3 alligator snapping turtles (Shoals:5)
  3 centaur warriors
  2 satyrs
  11 death yaks
  7 merfolk aquamancers
  18 sea snakes
  A fire crab (Shoals:3)
  2 deep elf knights (D:15)
  An unseen horror (D:12)
  An ice statue (IceCv)
  Erolcha (D:13)
  An orc knight (D:15)
  15 harpies
  A wolf spider zombie (D:14)
  3 fauns (Shoals:3)
  7 ugly things
  8 griffons
  A lindwurm (Lair:7)
  7 hill giants
  10 cyclopes
  16 manticores
  5 water nymphs
  An oklob plant (Shoals:1)
  11 elephants
  A drowned soul (Shoals:3)
  Joseph (D:9)
  8 sirens
  3 black mambas
  9 spiny frogs
  A gargoyle (D:13)
  4 kobold demonologists
  7 komodo dragons
  An efreet (D:15)
  2 fire drakes
  A queen bee (Lair:3)
  2 trolls
  A spriggan druid (Lair:8)
  3 two-headed ogres
  A yaktaur (D:15)
  4 wind drakes
  40 merfolk
  29 slime creatures
  23 polar bears
  A harpy skeleton (D:15)
  Prince Ribbit (D:9)
  11 snapping turtles
  17 blink frogs
  A hornet zombie (D:14)
  2 boulder beetles (Lair:8)
  2 wraiths (D:14)
  7 redbacks (Lair:8)
  13 spriggans
  25 water elementals
  3 basilisks
  4 shadows
  A deep elf mage (D:11)
  3 fire bats (Shoals:3)
  12 hippogriffs
  2 wyverns
  A vampire (D:13)
  49 yaks
  5 vampire mosquitoes (D:15)
  A golden eye (shapeshifter) (D:15)
  2 hungry ghosts
  3 fire elementals (D:15)
  3 nagas (Lair:4)
  11 water moccasins
  2 mottled dragons
  2 soldier ants
  3 hell hounds (D:15)
  50 wolves
  5 porcupines
  A dwarf (shapeshifter) (D:15)
  15 ice beasts
  2 phantoms
  4 sky beasts
  11 black bears
  A boring beetle (Lair:7)
  5 necrophages
  13 orc warriors
  A swamp drake (D:9)
  3 wasps (Lair:8)
  7 ogres
  The ghost of Jb9000 the Gusty, an average CeAE (D:3)
  12 crocodiles
  Sigmund (D:2)
  15 giant frogs
  13 centaurs
  5 big kobolds
  7 scorpions
  3 wyvern skeletons
  15 killer bees
  An electric eel (Lair:1)
  11 crimson imps
  6 centaur zombies
  A goliath beetle (D:7)
  3 wights (D:14)
  10 hounds
  A gnoll shaman (D:7)
  9 orc priests
  4 centaur skeletons
  14 iguanas
  6 jellies
  15 orc wizards
  2 giant frog skeletons
  Natasha (thrice) (D:6)
  9 worker ants
  10 sheep
  2 mummies
  19 adders
  A swamp drake zombie (D:9)
  5 gnolls (D:7)
  46 river rats
  6 shadow imps
  5 worms
  An adder zombie (D:9)
  An adder skeleton (D:5)
  6 giant geckos
  3 oozes
  45 orcs
  A bat skeleton (D:5)
  A bat zombie (D:8)
  2 giant cockroaches
  6 hobgoblins
  10 jackals
  10 quokkas
  3 ball pythons
  11 bats
  A giant gecko zombie (D:9)
  8 giant newts
  2 giant spores
  7 goblins
  41 kobolds
  A quokka skeleton (D:5)
  26 rats
  17 ballistomycetes
  A fungus (Lair:8)
  4 plants
  A tentacle (Shoals:4)
1082 creatures vanquished.

Vanquished Creatures (collateral kills)
  Saint Roka (Shoals:4)
  An acid blob (Slime:1)
  A hydra (Lair:1)
  An orc sorcerer (Shoals:4)
  A komodo dragon (Lair:1)
  2 slime creatures (Slime:1)
  An orc (Shoals:4)
8 creatures vanquished.

Vanquished Creatures (others)
  4 drowned souls
  3 yaktaurs (Lair:1)
  2 slime creatures (Slime:1)
  3 orcs
  2 kobolds (D:14)
  5 giant spores
  A rat (D:12)
  A ballistomycete (D:14)
  5 fungi
  19 plants
  58 tentacles
  2107 tentacle segments
2210 creatures vanquished.

Grand Total: 3300 creatures vanquished

Notes
Turn   | Place    | Note
--------------------------------------------------------------
     0 | D:1      | Jb9000, the Gargoyle Fighter, began the quest for the Orb.
     0 | D:1      | Reached XP level 1. HP: 14/14 MP: 1/1
    43 | D:1      | Reached skill level 1 in Stealth
    72 | D:1      | Reached XP level 2. HP: 17/19 MP: 2/2
   624 | D:2      | Reached XP level 3. HP: 20/23 MP: 3/3
   836 | D:2      | Noticed Sigmund
   846 | D:2      | Killed Sigmund
   846 | D:2      | Reached skill level 4 in Shields
   846 | D:2      | Reached XP level 4. HP: 7/29 MP: 4/4
  1471 | D:2      | Reached XP level 5. HP: 29/33 MP: 5/5
  1702 | D:3      | Noticed Jb9000's ghost (average CeAE)
  1719 | D:3      | Killed Jb9000's ghost
  1941 | D:3      | Reached XP level 6. HP: 38/38 MP: 6/6
  2565 | D:4      | Reached skill level 1 in Throwing
  2565 | D:4      | Reached XP level 7. HP: 44/44 MP: 7/7
  2872 | D:4      | Reached skill level 1 in Dodging
  2888 | D:4      | Found a shadowy altar of Dithmenos.
  2894 | D:4      | Became a worshipper of Dithmenos the Shadowed
  3306 | D:4      | Found a glowing silver altar of Zin.
  3394 | D:5      | Entered Level 5 of the Dungeon
  3410 | D:5      | Reached skill level 5 in Shields
  3453 | D:5      | Found a staircase to the Ecumenical Temple.
  3537 | D:5      | Reached skill level 5 in Stealth
  3555 | D:5      | Reached skill level 5 in Fighting
  3729 | D:5      | Reached XP level 8. HP: 49/49 MP: 8/8
  3994 | D:5      | Found a sparkling altar of Nemelex Xobeh.
  4000 | D:5      | Found a blossoming altar of Fedhas.
  4004 | D:5      | Found a shimmering altar of Xom.
  4117 | D:6      | Noticed Natasha
  4126 | D:6      | Killed Natasha
  4267 | D:6      | Gained mutation: You are frail (-10% HP). [mutagenic meat]
  4287 | D:6      | Reached skill level 5 in Armour
  4296 | D:6      | Gained mutation: Your muscles are strong. (Str +2) [mutagenic meat]
  4309 | D:6      | Found a stormy altar of Qazlal.
  4558 | D:6      | Noticed Natasha
  4566 | D:6      | Killed Natasha
  4595 | D:6      | Found a sacrificial altar of Ru.
  4640 | D:6      | Noticed Natasha
  4643 | D:6      | Killed Natasha
  4668 | D:6      | Acquired Dithmenos' first power
  4680 | D:6      | Got a warped chain mail
  4706 | D:6      | Identified the +6 chain mail "Xiwnot" {rF+ MR+ MP+9} (You took it off an orc on level 6 of the Dungeon)
  4827 | D:6      | Reached skill level 6 in Stealth
  5122 | D:7      | Reached skill level 1 in Invocations
  5132 | D:7      | Reached XP level 9. HP: 49/49 MP: 11/11
  5206 | D:7      | Found Smuif's General Store.
  5217 | D:7      | Bought a scroll of enchant weapon for 90 gold pieces
  5217 | D:7      | Bought a meat ration for 60 gold pieces
  5303 | D:7      | Found a burning altar of Makhleb.
  5568 | D:7      | Reached skill level 7 in Stealth
  5609 | D:7      | Reached skill level 1 in Long Blades
  6214 | D:8      | Acquired Dithmenos' second power
  6297 | D:8      | Found a radiant altar of Vehumet.
  6314 | D:8      | Reached XP level 10. HP: 54/54 MP: 16/16
  6344 | D:8      | Found a basalt altar of Yredelemnul.
  6345 | D:8      | Got an encrusted spear
  6346 | D:8      | Identified the +7 spear of Causality {drain, Int+4} (You found it on level 8 of the Dungeon)
  6348 | D:8      | Found a white marble altar of Elyvilon.
  6348 | D:8      | Found an iron altar of Okawaru.
  6982 | D:9      | Reached skill level 1 in Polearms
  7085 | D:9      | Gained mutation: You have a pair of small horns on your head. [mutagenic meat]
  7086 | D:9      | Gained mutation: You are agile. (Dex +2) [mutagenic meat]
  7087 | D:9      | Gained mutation: You possess an exceptional clarity of mind. [mutagenic meat]
  7190 | D:9      | Reached skill level 8 in Stealth
  7369 | D:9      | Noticed Joseph
  7384 | D:9      | Killed Joseph
  7384 | D:9      | Reached skill level 1 in Evocations
  7442 | D:9      | Noticed Prince Ribbit
  7456 | D:9      | Killed Prince Ribbit
  7649 | D:9      | Gained mutation: You evolve. [mutagenic meat]
  8010 | D:9      | Acquired Dithmenos' third power
  8081 | D:9      | Found a staircase to the Lair.
  8096 | D:9      | Reached skill level 9 in Stealth
  8343 | D:10     | Entered Level 10 of the Dungeon
  8351 | D:10     | Reached skill level 5 in Throwing
  8351 | D:10     | Reached XP level 11. HP: 60/60 MP: 17/17
  8747 | D:10     | Noticed a manticore
  8754 | D:10     | Killed a manticore
  9570 | D:11     | Acquired Dithmenos' fourth power
  9700 | D:11     | Reached skill level 10 in Stealth
  9723 | D:11     | Reached skill level 5 in Polearms
  9779 | D:11     | Gained mutation: Your body is slowly deteriorating. [potion of mutation]
  9779 | D:11     | Gained mutation: You are resistant to hostile enchantments. [potion of mutation]
  9818 | D:11     | Gained mutation: You can spit poison. [potion of beneficial mutation]
 10043 | D:11     | Found a staircase to the Orcish Mines.
 10099 | D:12     | Noticed a hill giant
 10146 | D:12     | Killed a hill giant
 10260 | D:12     | Killed an unseen horror
 10260 | D:12     | Reached XP level 12. HP: 58/65 MP: 19/19
 10402 | D:12     | Noticed Fannar
 10437 | D:12     | Killed Fannar
 10480 | D:12     | Noticed a hill giant
 10490 | D:12     | Killed a hill giant
 10581 | D:12     | Reached skill level 5 in Dodging
 11324 | D:13     | Reached skill level 11 in Stealth
 11381 | D:13     | Found a gate to the Vaults.
 11414 | D:13     | Found a frozen archway.
 11484 | D:13     | Identified a +2 pair of boots of running (You found it on level 13 of the Dungeon)
 11491 | IceCv    | Entered an ice cave
 11521 | IceCv    | Reached skill level 1 in Spellcasting
 12135 | IceCv    | Reached skill level 5 in Evocations
 12188 | IceCv    | Noticed a death yak
 12209 | IceCv    | Noticed a death yak
 12212 | IceCv    | Killed a death yak
 12212 | IceCv    | Reached XP level 13. HP: 68/71 MP: 21/21
 12251 | IceCv    | Killed a death yak
 12523 | IceCv    | Noticed a frost giant
 12523 | IceCv    | Noticed a death yak
 12557 | IceCv    | Killed a death yak
 12753 | IceCv    | Killed a frost giant
 12907 | D:13     | Learned a level 1 spell: Infusion
 13113 | D:13     | Lost mutation: Your body is slowly deteriorating. [evolution]
 13139 | D:13     | Noticed Erolcha
 13145 | D:13     | Killed Erolcha
 13313 | D:13     | Identified a scroll of acquirement
 13324 | D:13     | Gained mutation: Your mind is acute. (Int +2) [mutagenic meat]
 13325 | D:13     | Gained mutation: Your mind is very acute. (Int +4) [mutagenic meat]
 13326 | D:13     | Gained mutation: Space occasionally distorts in your vicinity. [mutagenic meat]
 13643 | D:13     | Reached skill level 1 in Charms
 14081 | D:14     | Lost mutation: You possess an exceptional clarity of mind. [mutagenic meat]
 14082 | D:14     | Lost mutation: Your mind is very acute. (Int +4) [mutagenic meat]
 14083 | D:14     | Gained mutation: You possess an exceptional clarity of mind. [mutagenic meat]
 14247 | D:14     | You fall through a shaft!
 14247 | D:15     | Entered Level 15 of the Dungeon
 14459 | D:15     | Gained mutation: You have a pair of horns on your head. [potion of mutation]
 14501 | D:15     | Noticed Azrael
 14505 | D:15     | Killed Azrael
 14505 | D:15     | Gained mutation: Your wings are large and strong. [gargoyle growth]
 14505 | D:15     | Reached XP level 14. HP: 72/77 MP: 23/23
 14553 | D:15     | Lost mutation: You can spit poison. [potion of cure mutation]
 14553 | D:15     | Lost mutation: You possess an exceptional clarity of mind. [potion of cure mutation]
 14553 | D:15     | Lost mutation: Your muscles are strong. (Str +2) [potion of cure mutation]
 14553 | D:15     | Lost mutation: You are frail (-10% HP). [potion of cure mutation]
 14645 | D:15     | Found a glowing golden altar of the Shining One.
 14930 | D:15     | Noticed an ettin
 14969 | D:15     | Killed an ettin
 15018 | D:15     | Found a staircase to the Depths.
 15034 | D:15     | Reached skill level 1 in Crossbows
 15118 | Depths:1 | Entered Level 1 of the Depths
 15118 | Depths:1 | Noticed a frost giant
 15250 | D:15     | Reached skill level 12 in Stealth
 15708 | D:14     | Gained mutation: You are very agile. (Dex +4) [evolution]
 15812 | D:14     | Noticed Nessos
 15830 | D:14     | Killed Nessos
 16610 | Lair:1   | Entered Level 1 of the Lair of Beasts
 17777 | Lair:2   | Reached skill level 10 in Fighting
 18577 | Lair:3   | Noticed Maud
 18598 | Lair:3   | Killed Maud
 19467 | Lair:4   | Found a staircase to the Snake Pit.
 19538 | Lair:4   | Got a diamond-encrusted leather armour
 19549 | Lair:4   | Identified the cursed -3 leather armour of Shielding {rPois MR- rCorr MP+9 Str-5} (You found it on level 4 of the Lair of Beasts)
 19575 | Lair:4   | Gained mutation: You have sharp fingernails. [potion of beneficial mutation]
 20121 | Lair:4   | Reached skill level 10 in Shields
 20495 | Lair:5   | Found a staircase to the Shoals.
 20548 | Shoals:1 | Entered Level 1 of the Shoals
 20596 | Shoals:1 | Reached XP level 15. HP: 88/92 MP: 26/26
 20663 | Shoals:1 | Reached skill level 5 in Spellcasting
 20717 | Shoals:1 | Reached skill level 10 in Armour
 20741 | Shoals:1 | Noticed Asterion
 20764 | Shoals:1 | Noticed a spectral weapon
 20782 | Shoals:1 | Killed Asterion
 20932 | Shoals:1 | Found a shimmering altar of Xom.
 21884 | Shoals:2 | Noticed a frost giant
 21905 | Shoals:2 | Killed a frost giant
 23116 | Shoals:3 | Reached skill level 5 in Charms
 23279 | Shoals:3 | Got a pair of dazzling gloves
 23285 | Shoals:3 | Identified the +1 pair of gloves "Luisabur" {Regen+} (You found it on level 3 of the Shoals)
 23919 | Shoals:4 | Noticed a kraken
 23987 | Shoals:4 | Killed a kraken
 23987 | Shoals:4 | Reached XP level 16. HP: 92/100 MP: 29/29
 24064 | Shoals:4 | Noticed Saint Roka
 24066 | Shoals:4 | Reached skill level 5 in Crossbows
 24096 | Shoals:4 | Killed Saint Roka
 24096 | Shoals:4 | Reached skill level 13 in Stealth
 24248 | Shoals:4 | Learned a level 1 spell: Corona
 24844 | Shoals:4 | Gained mutation: You have sharp toenails. [evolution]
 25042 | Shoals:5 | Entered Level 5 of the Shoals
 25209 | Shoals:5 | Noticed Ilsuiw
 25669 | Shoals:5 | Killed Ilsuiw
 26083 | Shoals:5 | Got a barnacled rune of Zot
 26281 | Shoals:5 | Identified the Grimoire of Battle Magic (You found it on level 5 of the Shoals)
 26284 | Shoals:5 | Learned a level 1 spell: Shock
 26286 | Shoals:5 | Learned a level 1 spell: Sting
 26472 | Shoals:5 | Reached XP level 17. HP: 106/106 MP: 30/30
 26588 | Shoals:5 | Noticed a kraken
 26678 | Shoals:5 | Killed a kraken
 26888 | Shoals:5 | Reached skill level 10 in Polearms
 29220 | Lair:6   | Gained mutation: You are partially covered in large bone plates (AC +2, SH +2). [evolution]
 30880 | Lair:8   | Entered Level 8 of the Lair of Beasts
 31189 | Lair:8   | Found a viscous altar of Jiyva.
 31189 | Lair:8   | Found a staircase to the Slime Pits.
 31631 | Lair:8   | Got a shimmering leather armour
 31637 | Lair:8   | Identified the +5 leather armour "Beclutott" {+Inv rPois rF+ rC+ Str-5} (You found it on level 8 of the Lair of Beasts)
 32302 | Slime:1  | Entered Level 1 of the Pits of Slime
 32645 | Slime:1  | Reached XP level 18. HP: 21/112 MP: 5/32
 32895 | Slime:1  | Mangled by an azure jelly

Action                   |  1- 3 |  4- 6 |  7- 9 | 10-12 | 13-15 | 16-18 || total
-------------------------+-------+-------+-------+-------+-------+-------++-------
Melee: Flail             |   102 |   140 |   357 |       |     6 |       ||   605
       Long sword        |       |       |   229 |    20 |       |       ||   249
       Spear             |       |       |       |   864 |  1737 |  1896 ||  4497
 Fire: Blowgun           |       |     5 |    10 |    57 |    27 |       ||    99
       Hand crossbow     |       |       |       |       |   225 |    93 ||   318
Throw: Tomahawk          |       |    12 |    34 |    38 |    19 |       ||   103
 Abil: Spit Poison       |       |       |       |    20 |     2 |       ||    22
       Fly               |       |       |       |       |       |     2 ||     2
       Stop Flying       |       |       |       |       |       |     1 ||     1
Evoke: Wand              |       |       |       |     3 |    12 |     3 ||    18
       Deck              |       |       |       |     1 |     5 |     3 ||     9
       Phantom mirror    |       |       |       |       |       |     1 ||     1
  Use: Scroll            |     3 |     7 |     8 |    13 |    24 |     8 ||    63
       Potion            |       |     1 |     4 |    16 |    13 |     8 ||    42
 Stab: Sleeping          |       |     2 |     4 |    21 |    25 |    28 ||    80
       Distracted        |       |       |     1 |     2 |    10 |     5 ||    18
       Invisible         |       |       |       |     1 |       |       ||     1
       Fleeing           |       |       |       |       |     1 |       ||     1
  Eat: Chunk             |       |     3 |     8 |    25 |    15 |       ||    51
       Pizza             |       |     1 |     2 |       |     1 |       ||     4
       Bread ration      |       |     1 |     1 |       |       |       ||     2
       Beef jerky        |       |       |     2 |     1 |     1 |       ||     4
       Fruit             |       |       |       |     4 |       |       ||     4
       Meat ration       |       |       |       |       |     5 |     6 ||    11
